 Dungeon Crawl Stone Soup version 0.22-a0-402-ga933591 (webtiles) character file.

8841 Borgoz the Slicer (level 11, 0/103 HPs)
             Began as a Gargoyle Monk on May 6, 2018.
             Was a High Priest of Dithmenos.
             Slain by an orc high priest
             ... wielding a +0 war axe
              (1 damage)
             ... in a bailey.
             The game lasted 00:25:50 (10449 turns).

Borgoz the Slicer (Gargoyle Monk)                  Turns: 10449, Time: 00:25:51

Health: 0/103      AC: 25    Str: 14    XL:     11   Next: 37%
Magic:  11/11      EV:  2    Int: 12    God:    Dithmenos [*****.]
Gold:   460        SH:  0    Dex: 15    Spells: 10/10 levels left

rFire    + . .     SeeInvis +   r - +2 dagger (elec)
rCold    x . .     Gourm    .   (no shield)
rNeg     + + +     Faith    .   (armour currently unavailable)
rPois    ∞         Spirit   .   (helmet currently unavailable)
rElec    .         Reflect  .   (cloak currently unavailable)
rCorr    .         Harm     .   (gloves currently unavailable)
MR       .....     NoTele   +   (boots currently unavailable)
Stlth    ++++++....             L - amulet of regeneration
HPRegen  0.67/turn              i - ring of fire
MPRegen  0.12/turn              f - ring of see invisible

@: tree-form, wreathed by umbra
A: negative energy resistance 1, petrification resistance, rot immunity, AC +8
a: Shadow Step, Shadow Form, Renounce Religion


You were in a bailey.
You worshipped Dithmenos.
Dithmenos was extremely pleased with you.
You were hungry.
You were a tree.
You visited 3 branches of the dungeon, and saw 12 of its levels.
You also visited: Ossuary and Bailey.

You collected 460 gold pieces.

Inventory:

Hand Weapons
 r - a +2 dagger of electrocution (weapon)
Armour
 b - a +1 robe
 A - the +0 ring mail of the Wary Lives (melded) {rPois Slay+3 Stlth+}
   (You found it on level 6 of the Dungeon)

   It affects your accuracy and damage with ranged weapons and melee attacks
   (+3).
   It protects you from poison.
   It makes you more stealthy.
Jewellery
 a - an uncursed ring of flight
 f - a ring of see invisible (right branch)
 i - a ring of fire (left branch)
 j - an uncursed ring of resist corrosion
 L - an amulet of regeneration (around neck)
Wands
 t - a wand of paralysis (17)
 D - a wand of disintegration (20)
Scrolls
 g - 9 scrolls of remove curse
 k - 3 scrolls of fog
 l - 4 scrolls of teleportation
 o - 2 scrolls of blinking {unknown}
 p - a scroll of fear {unknown}
 q - 2 scrolls of amnesia {unknown}
 u - a scroll of silence {unknown}
 v - 2 scrolls of torment {unknown}
 y - 4 scrolls of magic mapping
 B - 2 scrolls of enchant armour
 J - a scroll of acquirement {unknown}
 K - a scroll of immolation {unknown}
Potions
 d - 3 potions of mutation
 e - 5 potions of curing
 h - 4 potions of resistance
 m - 2 potions of degeneration
 n - a potion of might
 s - a potion of cancellation
 w - a potion of agility
 x - 2 potions of magic
 C - a potion of berserk rage
 E - a potion of lignification
 G - a potion of invisibility
 H - a potion of ambrosia {unknown}
 I - a potion of haste {unknown}
 M - 2 potions of flight
 N - a potion of heal wounds {unknown}
Comestibles
 c - 14 rations
 F - 5 chunks of flesh


   Skills:
 + Level 8.5 Fighting
 * Level 9.8 Short Blades
 + Level 7.6 Armour
 + Level 6.4 Dodging
 + Level 8.9 Stealth


You had 10 spell levels left.
You didn't know any spells.

Dungeon Overview and Level Annotations

Branches:
Dungeon (10/15)            Temple (1/1) D:6            Lair (1/6) D:9
    Orc: D:9-12

Altars:
Ashenzari
Cheibriados
Dithmenos
Elyvilon
Fedhas
Gozag
Hepliaklqana
Kikubaaqudgha
Makhleb
Nemelex Xobeh
Okawaru
Qazlal
Ru
Sif Muna
Trog
Uskayaw
Vehumet
Wu Jian
Xom
Yredelemnul
Zin
The Shining One


Innate Abilities, Weirdness & Mutations

You are resistant to torment.
((Your stone body is resilient. (AC +8)))
You are immune to poison.
You resist negative energy. (rN+)
((You are resistant to electric shocks. (rElec)))
((You can survive without breathing.))
You are immune to petrification.
You are immune to rotting.


Message History

Your shadow hits the orc high priest but does no damage.
The soul eater hits you but does no damage.
The hellwing hits you but does no damage. x2
The orc hits you but does no damage.
You hit the orc high priest.
The orc high priest is severely wounded.
You closely miss the orc high priest.
The orc high priest is severely wounded.
Your shadow hits the orc high priest but does no damage.
The soul eater hits you.
* * * LOW HITPOINT WARNING * * *
The orc warrior completely misses you.
The orc high priest mumbles some strange prayers to Beogh against you.
Beogh smites you!
* * * LOW HITPOINT WARNING * * *
The hellwing hits you but does no damage. x2
You feel better. The orc hits you but does no damage. The soul eater hits you!
* * * LOW HITPOINT WARNING * * *
The orc high priest hits you with a war axe.
You die...

#...........#
#####'''#####
#..'.....+
#..'.))).+
####..#..⌠..#
#.....#.....#
#.8...#.....#
#.4o..#######
#.8♣########
#.o3o.......
#.83o.......
+........_.o
##+#........
######### ?..
!..# ####


You could see a soul eater, an orc high priest, a hellwing, a smoke demon, an
orc warrior and 2 orcs.

Vanquished Creatures
  A two-headed ogre (D:8)
  Pikel (D:8)
  An orc sorcerer (Bailey)
  Psyche (D:8)
  A troll (D:9)
  A hippogriff (D:8)
  Sigmund (D:6)
  A steam dragon (D:7)
  Edmund (D:4)
  3 water moccasins
  6 ice beasts
  7 orc warriors
  A phantom (D:10)
  A sky beast (D:9)
  A necrophage (D:10)
  2 black bears
  4 ogres
  2 wolves (D:9)
  6 centaurs
  6 bullfrogs
  3 big kobolds (D:8)
  2 scorpions
  3 electric eels (D:9)
  9 wights
  A crimson imp (D:6)
  3 bullfrog zombies
  2 centaur zombies
  4 gnoll shamans (D:8)
  4 orc priests
  12 hounds
  3 bullfrog skeletons
  13 mummies (Ossuary)
  Terence (D:2)
  A centaur skeleton (D:8)
  3 iguanas
  5 orc wizards
  5 worker ants
  2 killer bee zombies
  3 hound zombies (Ossuary)
  5 worker ant zombies (Ossuary)
  A howler monkey zombie (Ossuary)
  14 adders
  19 gnolls
  4 adder zombies (Ossuary)
  2 adder skeletons
  9 worms
  3 dart slugs
  7 leopard geckos
  46 orcs
  2 giant cockroaches
  19 hobgoblins
  10 jackals
  18 kobolds
  4 quokkas
  3 ball pythons
  7 bats
  5 frilled lizards
  18 goblins
  A jackal skeleton (D:4)
  2 jackal zombies (Ossuary)
  A leopard gecko zombie (D:8)
  A quokka zombie (Ossuary)
  4 rats
  4 fungi (D:8)
  3 plants (D:8)
339 creatures vanquished.

Vanquished Creatures (others)
  An orc (D:9)
  A fungus (D:8)
  A withered plant (Ossuary)
3 creatures vanquished.

Grand Total: 342 creatures vanquished

Notes
Turn   | Place    | Note
-------+----------+-------------------------------------------
     0 | D:1      | Borgoz the Gargoyle Monk began the quest for the Orb.
     0 | D:1      | Reached XP level 1. HP: 14/14 MP: 1/1
   142 | D:1      | Reached XP level 2. HP: 17/19 MP: 2/2
   178 | D:1      | Reached skill level 3 in Short Blades
   478 | D:1      | Reached XP level 3. HP: 23/23 MP: 3/3
   824 | D:2      | Reached skill level 1 in Armour
  1008 | D:2      | Reached XP level 4. HP: 29/29 MP: 4/4
  1153 | D:2      | Reached XP level 5. HP: 33/33 MP: 5/5
  1171 | D:2      | Noticed Terence
  1188 | D:2      | Killed Terence
  1695 | D:3      | Reached skill level 4 in Short Blades
  1711 | D:3      | Noticed a water moccasin
  1893 | D:3      | Reached XP level 6. HP: 31/38 MP: 6/6
  2161 | D:3      | Killed a water moccasin
  2695 | D:3      | Reached XP level 7. HP: 42/44 MP: 7/7
  3091 | D:4      | Noticed Edmund
  3099 | D:4      | Killed Edmund
  3099 | D:4      | Reached skill level 5 in Short Blades
  3231 | D:5      | Entered Level 5 of the Dungeon
  3255 | D:5      | Found a sand-covered staircase.
  3262 | Ossuary  | Entered an ossuary
  3382 | Ossuary  | Reached skill level 5 in Fighting
  3397 | Ossuary  | Reached XP level 8. HP: 44/49 MP: 8/8
  3825 | Ossuary  | Reached skill level 5 in Stealth
  4375 | D:5      | Reached skill level 6 in Short Blades
  5567 | D:6      | Reached XP level 9. HP: 42/55 MP: 9/9
  5640 | D:6      | Found a staircase to the Ecumenical Temple.
  5650 | Temple   | Entered the Ecumenical Temple
  5689 | Temple   | Became a worshipper of Dithmenos the Shadowed
  5689 | Temple   | Reached * piety under Dithmenos
  5689 | Temple   | Reached ** piety under Dithmenos
  5831 | D:6      | Got a bloodstained ring mail
  6078 | D:6      | Noticed Sigmund
  6089 | D:6      | Killed Sigmund
  6089 | D:6      | Reached skill level 5 in Armour
  6235 | D:6      | Identified the cursed +0 ring mail of the Wary Lives {rPois Slay+3 Stlth+} (You found it on level 6 of the Dungeon)
  6241 | D:6      | Found a burning altar of Makhleb.
  6430 | D:7      | Reached skill level 7 in Short Blades
  6557 | D:7      | Reached *** piety under Dithmenos
  6948 | D:7      | Reached skill level 5 in Dodging
  7273 | D:8      | Noticed a two-headed ogre
  7298 | D:8      | Reached XP level 10. HP: 58/61 MP: 10/10
  7311 | D:8      | Killed a two-headed ogre
  7311 | D:8      | Reached skill level 8 in Short Blades
  8037 | D:8      | Reached **** piety under Dithmenos
  8521 | D:8      | Noticed Pikel
  8538 | D:8      | Killed Pikel
  8583 | D:8      | Noticed Psyche
  8587 | D:8      | Killed Psyche
  8587 | D:8      | Reached skill level 9 in Short Blades
  9113 | D:9      | Reached XP level 11. HP: 68/68 MP: 11/11
  9401 | D:9      | Reached ***** piety under Dithmenos
  9663 | D:9      | Found a staircase to the Lair.
  9827 | Lair:1   | Entered Level 1 of the Lair of Beasts
 10263 | D:10     | Entered Level 10 of the Dungeon
 10314 | D:10     | Found a flagged portal.
 10352 | Bailey   | Entered a bailey
 10409 | Bailey   | Found an iron altar of Okawaru.
 10409 | Bailey   | Noticed an orc sorcerer
 10409 | Bailey   | Noticed an orc high priest
 10429 | Bailey   | Killed an orc sorcerer
 10430 | Bailey   | Noticed a soul eater
 10449 | Bailey   | HP: 1/103 [soul eater[an orc high priest] (13)]
 10449 | Bailey   | Slain by an orc high priest

Vault maps used:
D:1:      lemuel_arrival_behind_the_door_small
D:2:      uniq_terence
D:3:      first_ration, minmay_close_crescents
D:4:      uniq_edmund
D:5:      lightli_ossuary_entry_decrepit_ruins, uniq_sigmund
D:6:      makhleb_heckhound_becter, minmay_temple_entry_glassed_door,
          bh_walls_and_bars
D:7:      corexii_shantytown
D:8:      kennysheep_seaside_town, uniq_pikel, uniq_psyche
D:9:      erik_lair_island
D:10:     enter_bailey_2, basic_altar, grunt_tengu_nest, minmay_lizard_king
Temple:   compressed_dpeg_circular_temple
Lair:1:   minmay_lair_oklob_bushes, serial_bayou_shore_b, grunt_megastairs_3,
          lemuel_fruit_tree, uniq_harold, uniq_fannar
Ossuary:  ossuary_zaba_flooded
Bailey:   bailey_axe_of_yendor_kennysheep, bailey

Skill      XL: |  1  2  3  4  5  6  7  8  9 10 |
---------------+-------------------------------+-----
Short Blades   | 3 4 5 6 7 9 |  9.8
Armour         | 1 2 3 4 5 7 |  7.6
Stealth        | 3 4 5 7 8 |  8.9
Fighting       | 4 5 6 8 |  8.5
Dodging        | 3 4 5 6 |  6.4

Action                   |  1- 3 |  4- 6 |  7- 9 | 10-12 || total
-------------------------+-------+-------+-------+-------++-------
Melee: Short sword       |    77 |    56 |       |       ||   133
       Dagger            |       |   160 |   477 |   452 ||  1089
  Use: Scroll            |       |     5 |    11 |     5 ||    21
       Potion            |       |     1 |     2 |     4 ||     7
 Stab: Sleeping          |     2 |     4 |    25 |    20 ||    51
       Distracted        |       |       |     1 |     3 ||     4
  Eat: Chunk             |       |     5 |    12 |    10 ||    27
       Ration            |       |       |     1 |       ||     1
Armor: Robe              |    16 |    45 |    66 |       ||   127
       Skin              |       |    20 |    11 |    38 ||    69
       Ring mail         |       |       |    29 |    78 ||   107
Dodge: Dodged            |    43 |   116 |   221 |   220 ||   600

Table legend:
 A = Spawn XP
 B = Non-spawn XP
 C = Spawn XP percentage of total XP
 D = Spawn monster count
 E = Non-spawn monster count
 F = Spawn count percentage of total count
 G = Total turns spent on level
                    A         B        C        D         E        F      G
               +---------+---------+-------+---------+---------+-------+---------
         Total |       0 |   12631 |   0.0 |       0 |     332 |   0.0 | 10449
               +---------+---------+-------+---------+---------+-------+---------
           D:1 |       0 |      43 |   0.0 |       0 |      23 |   0.0 |   806
           D:2 |       0 |     174 |   0.0 |       0 |      27 |   0.0 |   700
           D:3 |       0 |     407 |   0.0 |       0 |      41 |   0.0 |  1342
           D:4 |       0 |     349 |   0.0 |       0 |      12 |   0.0 |   383
           D:5 |       0 |     512 |   0.0 |       0 |      17 |   0.0 |  1208
           D:6 |       0 |     756 |   0.0 |       0 |      21 |   0.0 |   838
           D:7 |       0 |     861 |   0.0 |       0 |      36 |   0.0 |   756
           D:8 |       0 |    5100 |   0.0 |       0 |      62 |   0.0 |  1951
           D:9 |       0 |    2736 |   0.0 |       0 |      47 |   0.0 |  1151
          D:10 |       0 |     438 |   0.0 |       0 |       6 |   0.0 |    89
       Ossuary |       0 |     655 |   0.0 |       0 |      33 |   0.0 |   905
        Bailey |       0 |     600 |   0.0 |       0 |       7 |   0.0 |    97
               +---------+---------+-------+---------+---------+-------+---------
